 Dungeon Crawl Stone Soup version 0.29.1-2-gbd0b4ee654 (webtiles) character file.

Game seed: 11456745882219301869

641 Descartes the Shield-Bearer (level 7, 0/56 HPs)
             Began as a Formicid Fighter on Nov 7, 2022.
             Slain by Edmund
             ... wielding a +1 dire flail of protection
              (7 damage)
             ... on level 4 of the Dungeon.
             The game lasted 00:07:37 (5530 turns).

Descartes the Shield-Bearer (Formicid Fighter)      Turns: 5530, Time: 00:07:38

Health: 0/56       AC: 13    Str: 20    XL:     7   Next: 81%
Magic:  20/20      EV:  5    Int: 10    God:
Gold:   175        SH:  5    Dex: 13    Spells: 12/12 levels left

rFire   . . .      SeeInvis +   z - +2 hand axe (elec)
rCold   . . .      Faith    .   c - +0 buckler
rNeg    . . .      Spirit   .   F - +0 plate armour
rPois   .          Reflect  .   (helmet unavailable)
rElec   .          Harm     .   (no cloak)
rCorr   .          Rampage  .   E - +0 pair of gloves
Will    .....                   (no boots)
Stlth   ..........              (no amulet)
HPRegen 0.18/turn               o - ring of magical power
MPRegen 0.17/turn               (no ring)

@: mighty
A: permanent stasis, dig shafts and tunnels, antennae 3, four strong arms
a: Dig, Shaft Self


You were on level 4 of the Dungeon.
You visited 1 branch of the dungeon, and saw 4 of its levels.

You collected 175 gold pieces.

Inventory:

Hand Weapons
 z - a +2 hand axe of electrocution (weapon)
 C - a +1 vorpal flail
Missiles
 n - 2 poisoned darts
 p - 2 javelins
 r - 4 boomerangs
 w - a throwing net
Armour
 c - a +0 buckler (worn)
 D - a +0 leather armour of poison resistance
 E - a +0 pair of gloves (worn)
 F - a +0 plate armour (worn)
Jewellery
 o - a ring of magical power (left hand)
Wands
 t - a wand of polymorph (4)
 y - a wand of acid (3)
Scrolls
 a - a scroll of fear {unknown}
 b - a scroll of teleportation {unknown}
 e - a scroll of enchant armour {unknown}
 f - a scroll of vulnerability {unknown}
 h - a scroll of summoning {unknown}
 k - a scroll of poison {unknown}
 v - 2 scrolls of identify {unknown}
 A - a scroll of noise {unknown}
 B - a scroll of blinking {unknown}
Potions
 g - 2 potions of magic
 i - 2 potions of heal wounds {unknown}
 j - 3 potions of curing
 l - 2 potions of attraction {unknown}
 m - 2 potions of degeneration {unknown}
 q - 3 potions of ambrosia {unknown}
 s - a potion of haste {unknown}
 u - a potion of invisibility {unknown}
 x - a potion of lignification {unknown}


   Skills:
 + Level 5.0 Fighting
 + Level 4.0 Axes
 + Level 5.0 Armour
 + Level 6.1 Shields
 + Level 3.2 Spellcasting


You had 12 spell levels left.
You didn't know any spells.
Your spell library contained the following spells:

 Spells                   Type           Power      Damage    Failure   Level
 Magic Dart               Conj           4%         1d3       100%        1
 Slow                     Hex            4%         N/A       100%        1
 Call Imp                 Summ           1%         N/A       100%        2
 Confusing Touch          Hex            1%         N/A       100%        3
 Frozen Ramparts          Ice            2%         1d1       100%        3
 Mephitic Cloud           Conj/Pois/Air  1%         N/A       100%        3
 Ozocubu's Armour         Ice            1%         N/A       100%        3
 Portal Projectile        Hex/Tloc       2%         N/A       100%        3
 Tukima's Dance           Hex            1%         N/A       100%        3
 Vampiric Draining        Necr           1%         2d6       100%        3
 Ice Form                 Ice/Tmut       1%         N/A       100%        4
 Summon Ice Beast         Ice/Summ       1%         N/A       100%        4
 Blade Hands              Tmut           0%         N/A       100%        5
 Ozocubu's Refrigeration  Ice            0%         4d7       100%        7


Dungeon Overview and Level Annotations

Branches:
Dungeon (4/15)
 Temple: D:4-7

Altars:
Hepliaklqana
Okawaru

Annotations:
D:4 Edmund


Innate Abilities, Weirdness & Mutations

You cannot be hasted, slowed, berserked, paralysed or teleported.
You can dig through walls and to a lower floor.
You have a pair of large antennae on your head. (SInv)
Your four strong arms can wield two-handed weapons with a shield.


Message History

You slash Edmund!
Edmund is moderately wounded.
Edmund hits you with a +1 dire flail of protection.
You hit Edmund.
Edmund is moderately wounded.
Edmund hits you but does no damage.
You completely miss Edmund.
Edmund is moderately wounded.
Edmund hits you with a +1 dire flail of protection! x2
You barely miss Edmund.
Edmund is moderately wounded.
Edmund hits you with a +1 dire flail of protection!
You barely miss Edmund.
Edmund is moderately wounded.
You block Edmund's attack.
You hit Edmund.
Edmund is heavily wounded.
Edmund hits you with a +1 dire flail of protection.
* * * LOW HITPOINT WARNING * * *
You completely miss Edmund.
Edmund is heavily wounded.
You block Edmund's attack.
You barely miss Edmund.
Edmund is heavily wounded.
Edmund hits you with a +1 dire flail of protection!
* * * LOW HITPOINT WARNING * * *
It was a potion of curing.
You feel better. You block Edmund's attack.
It was a potion of magic.
Magic courses through your body.
Edmund hits you with a +1 dire flail of protection.
* * * LOW HITPOINT WARNING * * *
You closely miss Edmund.
Edmund is heavily wounded.
Edmund completely misses you.
You slash Edmund!
Edmund is severely wounded.
Edmund hits you but does no damage.
You hit Edmund.
Edmund is severely wounded.
Edmund hits you with a +1 dire flail of protection!
You die...

# #.#...# #.......# ##. #.#.#.#
#.......# #. #...>.# #.......# #.
# ###.### #.......# ##' ## #.#
#.......# ##.. .## #.## #.......#
##... .g## #..## #.......# #....
..{####...###########...####.....
...g..g{g.......@@.........+.....
..........###########...####.....
..#.###...# ##.## ##.... .##.#
#.#.# #.# ##... ###.# #.#.###
#######.# ##.. # #.# #.....#
#.......# ##+ #.# ###.#.#
#.####..# #. # #.#####.#.#
#.####..### #. ###...[...#.#
#.##......# ##.


You could see Edmund.

Vanquished Creatures
  Grinder (D:3)
  A phantom (D:4)
  A hound (D:4)
  A jelly (D:4)
  A gnoll bouda (D:3)
  Ijyb (D:3)
  An orc wizard (D:4)
  11 gnolls
  3 adders
  3 worms
  3 dart slugs
  7 orcs (D:4)
  4 ball pythons
  7 bats
  8 endoplasms
  5 giant cockroaches
  6 goblins
  7 hobgoblins
  5 quokkas
  3 frilled lizards
  10 kobolds
  6 rats
95 creatures vanquished.

Notes
Turn   | Place    | Note
-------+----------+-------------------------------------------
     0 | D:1      | Descartes the Formicid Fighter began the quest for the Orb.
     0 | D:1      | Reached XP level 1. HP: 18/18 MP: 1/1
   127 | D:1      | Reached XP level 2. HP: 16/24 MP: 2/2
   419 | D:1      | Noticed a floating eye
   422 | D:1      | Found a faded altar of an unknown god.
   424 | D:1      | Noticed a shining eye
   424 | D:1      | Noticed a floating eye
   424 | D:1      | Noticed an eye of devastation
   613 | D:1      | Reached XP level 3. HP: 21/29 MP: 4/4
  1015 | D:1      | Reached skill level 1 in Spellcasting
  1552 | D:1      | Reached XP level 4. HP: 18/37 MP: 5/5
  2260 | D:2      | Reached XP level 5. HP: 15/42 MP: 7/7
  2727 | D:3      | Found an iron altar of Okawaru.
  2734 | D:3      | Noticed Grinder
  2756 | D:3      | Killed Grinder
  2757 | D:3      | Reached skill level 5 in Shields
  2757 | D:3      | Reached XP level 6. HP: 31/49 MP: 7/9
  2945 | D:3      | Noticed Ijyb
  2955 | D:3      | Killed Ijyb
  3740 | D:3      | Reached XP level 7. HP: 12/55 MP: 10/10
  4621 | D:4      | Reached skill level 5 in Fighting
  4621 | D:4      | Reached skill level 5 in Armour
  4621 | D:4      | Reached skill level 6 in Shields
  5227 | D:4      | Noticed Edmund
  5386 | D:4      | Found a hazy altar of Hepliaklqana.
  5525 | D:4      | HP: 1/56 [Edmund/+1 dire flail of protection (12)]
  5530 | D:4      | Slain by Edmund

Illustrated notes

Levels and vault maps discovered:
D:1:      dpeg_arrival_central, layout_basic,
          hellmonk_ecumenical_altar_watching_god, minmay_misc_feat_tower
D:2:      layout_rooms
D:3:      layout_loops_corners, okawaru_gym_becter, kennysheep_flooded_box,
          chequers_serial_rivers_micro_c, uniq_grinder, uniq_ijyb
D:4:      layout_loops_corners, lemuel_coloured_pillars_altar, uniq_edmund

Skill      XL: |  1  2  3  4  5  6  7 |
---------------+----------------------+-----
Spellcasting   | 1 2 3 |  3.2
Fighting       | 4 5 |  5.0
Armour         | 4 5 |  5.0
Axes           | 3 4 |  4.0
Shields        | 5 6 |  6.1

Action                   |  1- 3 |  4- 6 |  7- 9 || total
-------------------------+-------+-------+-------++-------
Melee: War axe           |   111 |    94 |    23 ||   228
       Unarmed           |       |     8 |       ||     8
       Hand axe          |       |       |    93 ||    93
  Use: Potion            |       |     2 |     3 ||     5
 Stab: Confused          |       |     1 |       ||     1
Armor: Scale mail        |    53 |    40 |     7 ||   100
       Skin              |       |     2 |       ||     2
       Chain mail        |       |       |    21 ||    21
       Plate armour      |       |       |    20 ||    20
Dodge: Dodged            |    47 |    41 |    25 ||   113
Block: Buckler           |    20 |    26 |    25 ||    71
